 Dungeon Crawl Stone Soup version 0.19.0 (webtiles) character file.

9658 PrincessPwny the Slicer (level 11, -2/109 HPs)
             Began as a Troll Berserker on Nov 9, 2016.
             Was a High Priest of Trog.
             Slain by a deep elf knight
             ... wielding a +0 falchion
              (16 damage)
             ... on level 10 of the Dungeon.
             The game lasted 00:32:23 (8149 turns).

PrincessPwny the Slicer (Troll Berserker)           Turns: 8149, Time: 00:32:23

Health: -2/109     AC: 14    Str: 30    XL:     11   Next: 25%
Magic:  10/10      EV: 13    Int:  3    God:    Trog [*****.]
Gold:   476        SH:  0    Dex:  9    Spells: 0 memorised, 10 levels left

rFire  . . .     SeeInvis .     v - +3 rapier (speed)
rCold  . . .     Gourm    +     a - +1 animal skin
rNeg   . . .     Faith    +     (no shield)
rPois  .         Spirit   .     C - +2 hat
rElec  .         Reflect  .     (no cloak)
rCorr  .         Harm     .     (gloves unavailable)
MR     .....                    (boots unavailable)
Stlth  ++........               w - amulet of faith
                                D - ring of stealth
                                d - +6 ring of protection

@: lethally poisoned (-2 -> -2), exhausted, slowed, very slow
A: unfitting armour, claws 3, fast metabolism 3, gourmand, regeneration 1,
shaggy fur 1, tough skin 2
a: Berserk, Trog's Hand, Brothers in Arms, Burn Spellbooks, Renounce Religion


You were on level 10 of the Dungeon.
You worshipped Trog.
Trog was extremely pleased with you.
You were very full.

You visited 1 branch of the dungeon, and saw 10 of its levels.
You also visited: Ossuary.

You collected 476 gold pieces.

Inventory:

Hand Weapons
 v - a +3 rapier of speed (weapon)
 E - a +2 rapier of draining
Armour
 a - a +1 animal skin (worn)
 C - a +2 hat (worn)
Jewellery
 d - a +6 ring of protection (left claw)
 n - a +3 ring of intelligence
 w - an amulet of faith (around neck)
 D - a ring of stealth (right claw)
Wands
 e - a wand of flame (18/48)
 r - a wand of digging (5/24)
 u - a wand of enslavement (8/24)
 H - a wand of iceblast (9/15)
Scrolls
 c - 5 scrolls of recharging
 g - 3 scrolls of remove curse
 k - 6 scrolls of teleportation
 x - 2 scrolls of enchant armour
 y - a scroll of blinking
 G - a scroll of fog
 I - a scroll of magic mapping
Potions
 f - 3 potions of flight
 h - a potion of magic
 i - 2 potions of brilliance {unknown}
 l - 5 potions of curing
 o - a potion of haste
 p - 2 potions of lignification
 q - 2 potions of mutation
 s - 2 potions of heal wounds
 t - 4 potions of ambrosia
 z - a potion of agility {unknown}
 F - 2 potions of invisibility {unknown}
Comestibles
 b - 7 bread rations
 j - 3 meat rations
 m - 3 beef jerkies
 A - 24 fruits
 B - 2 slices of pizza
 J - 7 chunks of flesh


   Skills:
 + Level 7.1 Fighting
 * Level 8.6 Short Blades
 + Level 7.9 Dodging
 - Level 1.1 Stealth
 - Level 8.5 Unarmed Combat


You had 10 spell levels left.
You didn't know any spells.

Dungeon Overview and Level Annotations

Branches:
Dungeon (10/15)            Temple (0/1) D:5            Lair (0/6) D:10
    Orc: D:9-12

Altars:
Elyvilon
Gozag
Kikubaaqudgha
Makhleb
Okawaru
Qazlal
Sif Muna
Uskayaw
Vehumet
Xom
Yredelemnul
The Shining One

Shops:
D:9 (


Innate Abilities, Weirdness & Mutations

You are too large for most types of armour.
You have claws for hands.
Your metabolism is lightning-fast.
You like to eat raw meat.
Your natural rate of healing is unusually fast.
You are covered in fur. (AC +1)
You have very tough skin. (AC +2)


Message History

You barely miss something. You impale something!! Your claw misses something.
You hear some strange, mumbled words.
A shard of ice appears from out of thin air!
The shard of ice hits you!
You closely miss something.
You are no longer berserk.
You are exhausted.
You feel as though you will be slow longer.
You feel sick.
You hear some strange, mumbled words.
A shard of ice appears from out of thin air!
The shard of ice misses you.
You puncture something! Something hits you but does no damage.
You miss something. Something hits you!
* * * LOW HITPOINT WARNING * * *
You closely miss something. Something hits you!
* * * LOW HITPOINT WARNING * * *
You feel sick. Something hits you!
You die...

#... ....##.#
#.?......##.#
#...###..##.#
#...#(#......
#..###..##.###
#.......##...
#.......##.#
##.####.){.##..≈≈§§.≈.
.... ####@##.≈≈≈≈.§≈.
####..###.......≈≈h>≈≈≈?
...............≈≈..§≈≈§
#..###.##.#..≈≈≈≈≈≈..
#..))))...##.$.≈≈§...
.......###(#####.........
...###. #(# #....# # #.
#.# #...## #. #.# #(#.# #


You could see a hell hound and an enchanted great sword.

Vanquished Creatures
  Erica (D:10)
  Urug (D:10)
  An orc knight (D:10)
  Joseph (D:10)
  A gargoyle (D:10)
  A two-headed ogre (D:9)
  2 hippogriffs
  9 yaks (D:9)
  A wyvern (D:8)
  4 fire bats (D:9)
  A hungry ghost (D:8)
  A steam dragon (D:10)
  The ghost of PrincessPwny the Insei, an amateur OpTm (D:4)
  A water moccasin (D:6)
  A hell hound (D:9)
  3 orc warriors
  3 ice beasts
  4 sky beasts
  6 ogres
  A phantom (D:9)
  5 centaurs
  A big kobold (D:8)
  5 bullfrogs
  A water moccasin skeleton (D:6)
  A scorpion (D:8)
  4 howler monkeys
  2 lava snakes (D:9)
  5 centaur zombies
  2 crimson imps
  6 hounds
  3 jellies
  5 orc priests
  3 bullfrog skeletons
  3 iguanas
  Natasha (thrice) (D:4)
  7 worker ants
  6 orc wizards
  5 big kobold zombies (Ossuary)
  A hound zombie (D:3)
  A hound skeleton (D:6)
  4 mummies (Ossuary)
  A howler monkey zombie (D:6)
  2 worker ant zombies (D:7)
  9 gnolls
  A howler monkey skeleton (D:6)
  8 adders
  A shadow imp (D:5)
  An ooze (D:1)
  An adder zombie (D:6)
  An adder skeleton (D:5)
  2 dart slugs
  4 leopard geckos
  27 orcs
  2 ball pythons (D:5)
  5 giant cockroaches
  8 goblins
  5 hobgoblins
  8 jackals
  10 kobolds
  5 quokkas
  7 bats
  6 frilled lizards
  A hobgoblin zombie (Ossuary)
  2 quokka zombies
  5 rats
  A spectral orc (D:6)
240 creatures vanquished.

Vanquished Creatures (others)
  3 fire vortices (D:9)
3 creatures vanquished.

Grand Total: 243 creatures vanquished

Notes
Turn   | Place    | Note
-------+----------+-------------------------------------------
     0 | D:1      | PrincessPwny the Troll Berserker began the quest for the Orb.
     0 | D:1      | Reached XP level 1. HP: 22/22 MP: 0/0
   100 | D:1      | Reached XP level 2. HP: 28/29 MP: 1/1
   598 | D:1      | Reached XP level 3. HP: 28/36 MP: 2/2
   961 | D:2      | Reached ** piety under Trog
  1094 | D:2      | Found a white marble altar of Elyvilon.
  1311 | D:2      | Reached XP level 4. HP: 44/44 MP: 3/3
  1675 | D:3      | Found a burning altar of Makhleb.
  1675 | D:3      | Found a shimmering altar of Xom.
  1800 | D:3      | Reached XP level 5. HP: 52/52 MP: 4/4
  2111 | D:3      | Reached skill level 5 in Unarmed Combat
  2346 | D:4      | Reached *** piety under Trog
  2392 | D:4      | Noticed PrincessPwny's ghost (amateur OpTm)
  2399 | D:4      | Killed PrincessPwny's ghost
  2399 | D:4      | Reached XP level 6. HP: 61/61 MP: 5/5
  2488 | D:4      | Found a hide-covered altar of Uskayaw.
  2494 | D:4      | Found a sand-covered staircase.
  2624 | Ossuary  | Entered an ossuary
  2766 | Ossuary  | Reached XP level 7. HP: 63/67 MP: 6/6
  2946 | D:4      | Noticed Natasha
  2952 | D:4      | Killed Natasha
  2966 | D:4      | Reached skill level 1 in Stealth
  3277 | D:4      | Noticed Natasha
  3284 | D:4      | Killed Natasha
  3399 | D:4      | Noticed Natasha
  3409 | D:4      | Killed Natasha
  3459 | D:5      | Entered Level 5 of the Dungeon
  3609 | D:5      | Reached XP level 8. HP: 75/75 MP: 7/7
  3610 | D:5      | Reached **** piety under Trog
  3837 | D:5      | Found a staircase to the Ecumenical Temple.
  4038 | D:5      | Found a radiant altar of Vehumet.
  4042 | D:5      | Found a glowing golden altar of the Shining One.
  4047 | D:5      | Found an opulent altar of Gozag.
  4477 | D:6      | Found a basalt altar of Yredelemnul.
  4583 | D:6      | Reached skill level 1 in Short Blades
  4599 | D:6      | Reached skill level 5 in Dodging
  4652 | D:6      | Found an iron altar of Okawaru.
  4787 | D:6      | Found an ancient bone altar of Kikubaaqudgha.
  4787 | D:6      | Found a stormy altar of Qazlal.
  5123 | D:7      | Reached XP level 9. HP: 85/85 MP: 8/8
  5399 | D:7      | Reached ***** piety under Trog
  5522 | D:7      | Reached skill level 5 in Fighting
  5683 | D:7      | Reached skill level 5 in Short Blades
  6083 | D:8      | Received a gift from Trog
  6358 | D:8      | Reached XP level 10. HP: 75/96 MP: 9/9
  7038 | D:9      | Found a deep blue altar of Sif Muna.
  7086 | D:9      | Found Hubrol's Weapon Shoppe.
  7852 | D:10     | Entered Level 10 of the Dungeon
  7926 | D:10     | Noticed a gargoyle
  7943 | D:10     | Killed a gargoyle
  7972 | D:10     | Found a staircase to the Lair.
  7997 | D:10     | Noticed Joseph
  7999 | D:10     | Noticed Urug
  8018 | D:10     | Killed Joseph
  8018 | D:10     | Reached XP level 11. HP: 107/107 MP: 10/10
  8036 | D:10     | Killed Urug
  8053 | D:10     | Noticed Erica
  8107 | D:10     | Noticed an enchanted great sword
  8111 | D:10     | Noticed an orc knight
  8118 | D:10     | Noticed a deep elf knight
  8128 | D:10     | Killed Erica
  8139 | D:10     | Killed an orc knight
  8149 | D:10     | Slain by a deep elf knight

Skill      XL: |  1  2  3  4  5  6  7  8  9 10 11 |
---------------+----------------------------------+-----
Unarmed Combat | 4 5 6 7 8 |  8.5
Dodging        | 3 4 5 6 7 |  7.9
Fighting       | 3 4 5 6 7 |  7.1
Stealth        | 1 |  1.1
Short Blades   | 3 5 8 |  8.6

Action                   |  1- 3 |  4- 6 |  7- 9 | 10-12 || total
-------------------------+-------+-------+-------+-------++-------
Melee: Unarmed           |    84 |   128 |   324 |   145 ||   681
       Punch             |     1 |     1 |     8 |    10 ||    20
       Rapier            |       |       |       |    90 ||    90
Invok: Berserk           |       |     1 |     5 |     5 ||    11
       Burn Spellbooks   |       |       |     3 |       ||     3
  Use: Scroll            |     3 |     6 |    18 |       ||    27
 Stab: Sleeping          |       |     1 |     2 |     2 ||     5
       Held in net/web   |       |     1 |       |       ||     1
  Eat: Chunk             |    13 |    16 |    39 |    28 ||    96
       Bread ration      |       |       |     1 |       ||     1
Armor: Animal skin       |    37 |    39 |   125 |    74 ||   275
Dodge: Dodged            |    47 |    48 |   145 |   108 ||   348
